 Dungeon Crawl Stone Soup version 0.16.1-18-g436b03c (webtiles) character file.

21039 kae the Bludgeoner (level 12, -20/113 HPs)
             Began as a Minotaur Fighter on Apr 6, 2015.
             Was the Champion of Okawaru.
             Demolished by a wolf spider simulacrum (30 damage)
             ... in an ice cave on Apr 24, 2015.
             The game lasted 00:18:49 (15765 turns).

kae the Bludgeoner (Minotaur Fighter)              Turns: 15765, Time: 00:18:50

Health: -20/113    AC: 16    Str: 24    XL:     12   Next: 50%
Magic:  1/1        EV:  7    Int:  7    God:    Okawaru [******]
Gold:   805        SH:  9    Dex: 10    Spells: 0 memorised, 11 levels left

rFire  + . .     SeeInvis .     n - +3 morningstar (antimagic)
rCold  . . .     Clarity  .     b - +0 scale mail
rNeg   . . .     SustAb   .     c - +0 shield
rPois  .         Gourm    .     (helmet restricted)
rElec  .         Spirit   .     (no cloak)
rCorr  .         Warding  .     y - +2 pair of gloves
rMut   .         Stasis   +     e - +1 pair of boots {run}
MR     .....                    i - amulet of stasis
Stlth  ..........               B - ring of protection from cold
                                p - ring of fire

@: quick, not resistant to hostile enchantments, extremely unstealthy
A: retaliatory headbutt, horns 2, thin metallic scales 1
a: Heroism, Finesse, Renounce Religion


You were in an ice cave.
You worshipped Okawaru.
Okawaru was exalted by your worship.
You were near starving.

You visited 3 branches of the dungeon, and saw 16 of its levels.
You also visited: Ice Cave.

You collected 805 gold pieces.

Inventory:

Hand weapons
 a - a +0 flail
 n - a +3 antimagic morningstar (weapon)
Missiles
 N - 5 silver javelins (quivered)
Armour
 b - a +0 scale mail (worn)
 c - a +0 shield (worn)
 e - a +1 pair of boots of running (worn)
 y - a +2 pair of gloves (worn)
 M - a +1 robe of positive energy
Jewellery
 i - an amulet of stasis (around neck)
 m - the amulet "Efewi" {Inacc rC- MR+ Dex+6}
   (You found it on level 3 of the Lair of Beasts)

   [amulet of inaccuracy]

   It reduces the accuracy of all your attacks.
   It affects your dexterity (+6).
   It makes you vulnerable to cold.
   It affects your resistance to hostile enchantments.
 p - a ring of fire (left hand)
 s - an uncursed amulet of regeneration {unknown}
 B - a ring of protection from cold (right hand)
 E - an uncursed amulet of rage
 O - an uncursed amulet of clarity {unknown}
Magical devices
 q - a wand of disintegration (11)
 A - a wand of cold (4)
 C - a wand of lightning (6)
 I - a wand of cold (11)
Scrolls
 h - 4 scrolls of amnesia
 j - 9 scrolls of identify
 k - a scroll of enchant armour
 l - 6 scrolls of remove curse
 r - a scroll of blinking
 t - a scroll of fear
 D - 3 scrolls of recharging
 H - a scroll of magic mapping
 P - 4 scrolls of teleportation
Potions
 g - a potion of magic
 o - a potion of cancellation
 u - a potion of berserk rage
 v - a potion of mutation
 w - 5 potions of curing
 z - 3 potions of brilliance
 K - a potion of ambrosia
 S - a potion of invisibility
Books
 J - a Young Poisoner's Handbook

   Spells                             Type                      Level
   a - Sting                          Conjuration/Poison           1
   b - Cure Poison                    Poison                       2
   c - Mephitic Cloud                 Conjuration/Poison/Air       3
   d - Olgreb's Toxic Radiance        Poison                       4
   e - Venom Bolt                     Conjuration/Poison           5
Comestibles
 d - 7 bread rations
 f - 5 beef jerkies
 x - 6 meat rations
 F - a slice of pizza
 G - 3 royal jellies
 L - 3 fruits


   Skills:
 * Level 12.8 Fighting
 - Level 18.3 Maces & Flails
 + Level 9.6 Armour
 - Level 3.6 Shields


You had 11 spell levels left.
You didn't know any spells.

Dungeon Overview and Level Annotations

Branches:
Dungeon (10/15)            Temple (1/1) D:4            Lair (5/8) D:10
 Spider (0/5) Lair:3          Orc (0/4) D:10
  Swamp: Lair:3-6    Shoals: Lair:3-6

Altars:
Ashenzari
Gozag
Nemelex Xobeh
Okawaru
Qazlal
Ru
Sif Muna
Trog
Vehumet
Zin


Innate Abilities, Weirdness & Mutations

You reflexively headbutt those who attack you in melee.
You have a pair of horns on your head.
You are partially covered in thin metallic scales (AC +2).


Message History

The wolf spider simulacrum hits you but does no damage.
The wolf spider simulacrum bites you.
* * * LOW HITPOINT WARNING * * *
The wolf spider simulacrum freezes you!!
* * * LOW HITPOINT WARNING * * *
The elephant simulacrum tramples you but does no damage.
You block the elephant simulacrum's attack.
You hit the wolf spider simulacrum.
You headbutt the wolf spider simulacrum.
The wolf spider simulacrum hits you but does no damage.
You block the wolf spider simulacrum's attack.
Unknown command.
Drink which item? (? for menu, Esc to quit)
You feel better.
The elephant simulacrum tramples you but does no damage.
The elephant simulacrum trunk-slaps you but does no damage.
The wolf spider simulacrum hits you.
* * * LOW HITPOINT WARNING * * *
The wolf spider simulacrum freezes you!!
You die...

#####
##...##
##..∩..##
#.......#
#...∩...#
##.....##
##.@.##
#Z§Z#
##...#
#...#
...##
..## .##
#. #


You could see an elephant simulacrum and a wolf spider simulacrum.

Vanquished Creatures
  2 hydras (Lair:2)
  A griffon (Lair:3)
  2 black mambas (Lair:4)
  A centaur skeleton (D:10)
  3 komodo dragons
  4 spiny frogs
  2 fire drakes
  A demonic crawler (Lair:3)
  A merfolk (D:10)
  A troll (D:9)
  16 blink frogs
  A two-headed ogre (D:8)
  A hungry ghost (D:8)
  20 yaks
  6 hippogriffs
  A death yak simulacrum (IceCv)
  11 water moccasins
  7 wolves
  4 porcupines
  An ice beast (D:8)
  3 orc warriors
  A sky beast (D:10)
  A black bear (D:7)
  8 ogres
  A necrophage (D:10)
  3 centaurs
  12 crocodiles
  A big kobold (D:10)
  14 giant frogs
  4 scorpions
  2 crimson imps
  A goliath beetle (Lair:3)
  10 hounds
  3 orc priests
  5 orc wizards
  A jelly (D:10)
  A centaur zombie (D:4)
  A giant frog skeleton (D:9)
  6 worker ants
  10 iguanas
  A polar bear simulacrum (IceCv)
  25 sheep
  A hound zombie (D:8)
  7 gnolls
  19 adders
  70 river rats
  12 white imps
  A giant mite (D:5)
  2 shadow imps
  3 worms
  4 giant geckos
  2 oozes
  25 orcs
  3 ball pythons
  A bat zombie (D:5)
  16 goblins
  15 hobgoblins
  6 jackals
  16 kobolds
  11 quokkas
  15 bats
  6 giant cockroaches
  A giant gecko skeleton (D:4)
  5 giant newts
  A giant spore (D:10)
  A quokka skeleton (D:9)
  16 rats
  A ballistomycete (D:10)
  A fungus (Lair:3)
461 creatures vanquished.

Notes
Turn   | Place    | Note
--------------------------------------------------------------
     0 | D:1      | kae, the Minotaur Fighter, began the quest for the Orb.
     0 | D:1      | Reached XP level 1. HP: 19/19 MP: 1/1
   183 | D:1      | Reached XP level 2. HP: 20/26 MP: 1/1
   506 | D:1      | Reached skill level 4 in Maces & Flails
   597 | D:1      | Reached XP level 3. HP: 31/31 MP: 2/2
   981 | D:2      | Noticed an ice beast
  1065 | D:2      | Reached skill level 5 in Maces & Flails
  1369 | D:2      | Reached XP level 4. HP: 39/39 MP: 2/2
  1937 | D:3      | Reached skill level 6 in Maces & Flails
  2193 | D:3      | Reached XP level 5. HP: 40/45 MP: 2/2
  2314 | D:4      | Noticed an ogre
  2323 | D:4      | Killed an ogre
  2323 | D:4      | Reached skill level 7 in Maces & Flails
  2332 | D:4      | Reached XP level 6. HP: 37/51 MP: 1/3
  2384 | D:4      | Reached skill level 8 in Maces & Flails
  2800 | D:4      | Found a staircase to the Ecumenical Temple.
  3033 | Temple   | Entered the Ecumenical Temple
  3052 | Temple   | Became a worshipper of Warmaster Okawaru
  3186 | D:4      | Noticed an ogre
  3191 | D:4      | Killed an ogre
  3191 | D:4      | Reached skill level 9 in Maces & Flails
  3191 | D:4      | Reached XP level 7. HP: 34/57 MP: 1/3
  3476 | D:5      | Entered Level 5 of the Dungeon
  3498 | D:5      | Upgraded the game from 0.16.1-11-g651b585 to 0.16.1-17-g773cdaf
  3715 | D:5      | Found a bloodstained altar of Trog.
  3755 | D:5      | Reached skill level 10 in Maces & Flails
  4331 | D:6      | Acquired Okawaru's first power
  4331 | D:6      | Reached skill level 11 in Maces & Flails
  4347 | D:6      | Reached XP level 8. HP: 60/64 MP: 1/3
  4484 | D:6      | Found a bloodstained altar of Trog.
  4485 | D:6      | Found an opulent altar of Gozag.
  4493 | D:6      | Found a sacrificial altar of Ru.
  4495 | D:6      | Found a stormy altar of Qazlal.
  4497 | D:6      | Found a shattered altar of Ashenzari.
  4661 | D:6      | Reached skill level 12 in Maces & Flails
  5385 | D:7      | Found a deep blue altar of Sif Muna.
  5763 | D:7      | Reached skill level 13 in Maces & Flails
  6270 | D:8      | Reached XP level 9. HP: 31/70 MP: 1/4
  6469 | D:8      | Noticed a two-headed ogre
  6475 | D:8      | Killed a two-headed ogre
  6636 | D:8      | Reached skill level 14 in Maces & Flails
  7345 | D:9      | Reached skill level 15 in Maces & Flails
  7952 | D:9      | Reached skill level 16 in Maces & Flails
  7969 | D:9      | Reached XP level 10. HP: 23/77 MP: 1/4
  8377 | D:10     | Entered Level 10 of the Dungeon
  8541 | D:10     | Found a staircase to the Lair.
  8557 | D:10     | Reached skill level 17 in Maces & Flails
  8574 | D:10     | Found a staircase to the Orcish Mines.
  9032 | D:10     | Acquired Okawaru's second power
  9152 | Lair:1   | Entered Level 1 of the Lair of Beasts
  9188 | Lair:1   | Upgraded the game from 0.16.1-17-g773cdaf to 0.16.1-18-g436b03c
  9614 | Lair:1   | Reached skill level 18 in Maces & Flails
  9705 | Lair:1   | Received a gift from Okawaru
  9753 | Lair:1   | Reached XP level 11. HP: 61/85 MP: 1/4
 10239 | Lair:2   | Reached skill level 5 in Fighting
 10331 | Lair:2   | Reached skill level 5 in Armour
 10956 | Lair:2   | Noticed a seven-headed hydra
 10964 | Lair:2   | Killed a seven-headed hydra
 12233 | Lair:2   | Noticed a six-headed hydra
 12240 | Lair:2   | Killed a six-headed hydra
 12719 | Lair:3   | Reached skill level 10 in Fighting
 12780 | Lair:3   | Received a gift from Okawaru
 12861 | Lair:3   | Found a hole to the Spider Nest.
 13028 | Lair:3   | Received a gift from Okawaru
 13106 | Lair:3   | Reached XP level 12. HP: 37/108 MP: 1/5
 13386 | Lair:3   | Got a crude brass amulet
 13397 | Lair:3   | Gained mutation: You are partially covered in thin metallic scales (AC +2). [potion of beneficial mutation]
 13405 | Lair:3   | Identified the amulet "Efewi" {Inacc rC- MR+ Dex+6} (You found it on level 3 of the Lair of Beasts)
 15012 | Lair:4   | Received a gift from Okawaru
 15052 | Lair:4   | Identified a +1 pair of boots of running (Okawaru gifted it to you on level 4 of the Lair of Beasts)
 15705 | Lair:5   | Found a frozen archway.
 15754 | IceCv    | Entered an ice cave
 15763 | IceCv    | HP: 5/113 [wolf spider simulacrum (20)]
 15765 | IceCv    | Demolished by a wolf spider simulacrum

Action                   |  1- 3 |  4- 6 |  7- 9 | 10-12 || total
-------------------------+-------+-------+-------+-------++-------
Melee: Flail             |   120 |    78 |       |       ||   198
       Morningstar       |       |    77 |   313 |   808 ||  1198
  Use: Scroll            |       |       |    11 |     9 ||    20
       Potion            |       |       |       |    12 ||    12
  Eat: Chunk             |     1 |     5 |    17 |    19 ||    42
       Meat ration       |       |       |       |     1 ||     1
